 Dungeon Crawl Stone Soup version 0.26.1-11-gd32895ea62 (webtiles) character file.

Game seed: 13411319104821417944

361 Zeld the Chucker (level 6, 0/63 HPs)
             Began as an Octopode Monk on May 20, 2021.
             Succumbed to Crazy Yiuf's poison
             ... on level 3 of the Dungeon.
             The game lasted 00:04:11 (3800 turns).

Zeld the Chucker (Octopode Monk)                    Turns: 3800, Time: 00:04:11

Health: 0/63       AC: 23    Str: 10 (13) XL:     6   Next: 66%
Magic:  6/6        EV:  2    Int: 11 (12) God:
Gold:   112        SH:  0    Dex: 12 (14) Spells: 5/5 levels left

rFire    . . .     SeeInvis .   n - +1 falchion (flame)
rCold    . . .     Faith    .   (no shield)
rNeg     + + +     Spirit   .   (helmet currently unavailable)
rPois    +         Reflect  .   (no amulet)
rElec    .         Harm     .   (no ring)
rCorr    .         Rampage  .   (no ring)
Will     .....     NoTele   +   (no ring)
Stlth    +.........             (no ring)
HPRegen  0.20/turn              (no ring)
MPRegen  0.10/turn              (no ring)
                                (no ring)
                                (no ring)

@: confused, lethally poisoned (0 -> -4), tree-form, berserk cooldown, slowed,
very slow
A: almost no armour, stealthy swim, (amphibious), 8 rings, (constrict 8)
a: no special abilities


You were on level 3 of the Dungeon.
You were a tree.
You visited 1 branch of the dungeon, and saw 3 of its levels.

You collected 112 gold pieces.

Inventory:

Hand Weapons
 a - a +0 falchion
 n - a +1 falchion of flaming (weapon)
Missiles
 b - 128 stones (quivered)
Jewellery
 f - an uncursed amulet of faith {unknown}
 k - an uncursed amulet of regeneration {unknown}
Scrolls
 d - a scroll of immolation {unknown}
 e - a scroll of remove curse {unknown}
 g - 4 scrolls of identify {unknown}
 j - 2 scrolls of fog {unknown}
 l - 2 scrolls of amnesia {unknown}
 o - a scroll of magic mapping {unknown}
Potions
 c - a potion of brilliance {unknown}
 i - a potion of lignification
 m - a potion of mutation {unknown}
 p - a potion of might {unknown}
 r - a potion of ambrosia {unknown}


   Skills:
 - Level 3.0 Fighting
 - Level 4.0 Long Blades
 * Level 5.8 Throwing
 - Level 3.0 Dodging
 - Level 2.6 Stealth


You had 5 spell levels left.
You didn't know any spells.
Your spell library contained the following spells:

 Spells                   Type           Power        Failure   Level
 Animate Skeleton         Necr           0%           34%         1
 Apportation              Tloc           0%           34%         1
 Corona                   Hex            0%           34%         1
 Summon Small Mammal      Summ           0%           34%         1


Dungeon Overview and Level Annotations

Branches:
Dungeon (3/15)

Altars:


Innate Abilities, Weirdness & Mutations

You cannot wear most types of armour.
You are very stealthy in the water. (Stealth+)
((You are amphibious.))
You can wear up to eight rings at the same time.
((You can use your tentacles to constrict eight enemies at once.))
((Your skin changes colour to match your surroundings (Stealth+).))
((Your rubbery body absorbs attacks. (AC +1, EV +1)))


Message History

Unknown command.
You cannot move. (Use ctrl+direction or * direction to attack without moving.)
You hit Crazy Yiuf. You burn Crazy Yiuf.
You kill Crazy Yiuf!
* * * LOW HITPOINT WARNING * * *
You feel sick.
Unknown command.
You cannot move. (Use ctrl+direction or * direction to attack without moving.)
You swing at nothing.
* * * LOW HITPOINT WARNING * * *
You feel sick.
The rat bites you but does no damage. x2
Unknown command.
There's something in the way.
There's something in the way.
You cannot move. (Use ctrl+direction or * direction to attack without moving.)
You cannot move. (Use ctrl+direction or * direction to attack without moving.) It was a potion of degeneration.
There was something very wrong with that liquid.
You feel weakened.
You feel dopey.
You feel clumsy.
You die...

.###.#.#.#.......................
.........#.......................
.###.#...#...............<.......
.# #.#...#...##.#.#########.###..
.###.#...#........# #.#....
.......[.....##.#.# #.###..
.###.#..........#.# #.# #..
.............##r#.##### #.# #..
.###.##.........♣.....#####.###.#
.# #.###.#.#.....................
.# #..............###.#.###.###..
.# #.###.#......### #.#.# #.# ###
.###.##......########.#.# #.#
........................###.#
########.###................# #.#
#.########.#.##### #.# #.# #.#.#


You could see a rat.

Vanquished Creatures
  Sigmund (D:2)
  A jelly (D:3)
  Crazy Yiuf (D:3)
  Robin (D:1)
  4 adders
  An adder zombie (D:2)
  2 oozes
  2 adder skeletons (D:2)
  3 worms
  3 dart slugs
  A leopard gecko (D:3)
  An orc (D:3)
  A bat zombie (D:2)
  12 goblins
  11 hobgoblins
  3 jackals (D:1)
  4 kobolds
  A quokka (D:2)
  2 ball pythons (D:1)
  A ball python skeleton (D:2)
  A ball python zombie (D:2)
  5 bats
  7 frilled lizards
  A leopard gecko skeleton (D:2)
  7 rats
77 creatures vanquished.

Vanquished Creatures (others)
  2 withered plants (D:2)
2 creatures vanquished.

Grand Total: 79 creatures vanquished

Notes
Turn   | Place    | Note
-------+----------+-------------------------------------------
     0 | D:1      | Zeld the Octopode Monk began the quest for the Orb.
     0 | D:1      | Reached XP level 1. HP: 16/16 MP: 1/1
   195 | D:1      | Reached XP level 2. HP: 21/21 MP: 2/2
   466 | D:1      | Reached XP level 3. HP: 26/26 MP: 3/3
   578 | D:2      | Reached skill level 1 in Throwing
   591 | D:2      | Noticed Robin
   968 | D:1      | Killed Robin
   971 | D:1      | Reached skill level 2 in Throwing
  1334 | D:2      | Reached XP level 4. HP: 26/28 MP: 4/4
  1831 | D:2      | Reached skill level 3 in Throwing
  2009 | D:2      | Noticed Sigmund
  2018 | D:2      | Killed Sigmund
  2019 | D:2      | Reached skill level 5 in Throwing
  2019 | D:2      | Reached XP level 5. HP: 9/36 MP: 5/5
  2019 | D:2      | Reached XP level 6. HP: 11/42 MP: 6/6
  3729 | D:3      | Found a runed translucent door.
  3730 | D:3      | Noticed Crazy Yiuf
  3790 | D:3      | HP: 1/42 [Crazy Yiuf/+3 quarterstaff of chaos (13)]
  3797 | D:3      | HP: 2/63 [poisoned by Crazy Yiuf]
  3798 | D:3      | Killed Crazy Yiuf
  3800 | D:3      | Succumbed to Crazy Yiuf's poison

Illustrated notes

Levels and vault maps discovered:
D:1:      psy_arrival_fountain, layout_basic
D:2:      lemuel_upstairs_altar, layout_basic, serial_undead, serial_undead_c,
          serial_undead_f, serial_undead_a, serial_undead_f, uniq_sigmund,
          uniq_robin
D:3:      layout_basic, uniq_crazy_yiuf_cottage

Skill      XL: |  1  2  3  4 |
---------------+-------------+-----
Long Blades    | 4 |  4.0
Throwing       | 2 5 |  5.8
Fighting       | |  3.0
Dodging        | |  3.0
Stealth        | |  2.6

Action                   |  1- 3 |  4- 6 || total
-------------------------+-------+-------++-------
Melee: Falchion          |    59 |    46 ||   105
       Constrict         |    17 |    13 ||    30
       Tentacles         |    14 |    11 ||    25
Throw: Stone             |    24 |   154 ||   178
  Use: Potion            |       |     2 ||     2
 Stab: Sleeping          |     8 |       ||     8
       Distracted        |       |     1 ||     1
Armor: Skin              |     1 |     9 ||    10
Dodge: Dodged            |    58 |    41 ||    99
       Rpst.: Falchion   |    16 |    13 ||    29
